 Dungeon Crawl Stone Soup version 0.28.0-45-g0d030f2227 (webtiles) character file.

Game seed: 8179544483139221524

1565 DearestLeader the Chopper (level 8, -1/67 HPs)
             Began as a Gnoll Chaos Knight on Apr 18, 2022.
             Was a Plaything of Xom.
             Slain by a hornet zombie (9 damage)
             ... on level 7 of the Dungeon.
             The game lasted 00:10:27 (5063 turns).

DearestLeader the Chopper (Gnoll Chaos Knight)      Turns: 5063, Time: 00:10:28

Health: -1/67      AC: 10    Str: 14    XL:     8   Next: 89%
Magic:  13/13      EV: 13    Int: 11    God:    Xom [*.....]
Gold:   462        SH:  0    Dex: 12    Spells: 14/14 levels left

rFire   . . .      SeeInvis .   y - +1 mace (chaos)
rCold   . . .      Faith    .   (no shield)
rNeg    . . .      Spirit   .   b - +2 leather armour
rPois   .          Reflect  .   o - +0 helmet
rElec   .          Harm     .   M - +0 cloak
rCorr   +          Rampage  .   e - +0 pair of gloves
Will    .....                   g - +0 pair of boots
Stlth   ++........              d - amulet of regeneration
HPRegen 1.01/turn               A - ring of resist corrosion
MPRegen 0.13/turn               (no ring)

@: mighty
A: fangs 1, strong nose, distributed training
a: Renounce Religion


You were on level 7 of the Dungeon.
You worshipped Xom.
You were a special plaything of Xom.
You visited 1 branch of the dungeon, and saw 7 of its levels.

You collected 462 gold pieces.

Inventory:

Hand Weapons
 a - a +0 hand axe of chaos
 j - a +0 hunting sling
 w - a +2 dagger of venom
 y - a +1 mace of chaos (weapon)
 C - a +0 falchion of draining
 H - a +3 falchion
Missiles
 D - 6 boomerangs of dispersal (quivered)
Armour
 b - a +2 leather armour (worn)
 e - a +0 pair of gloves (worn)
 g - a +0 pair of boots (worn)
 l - a +0 kite shield
 m - a +0 plate armour
 o - a +0 helmet (worn)
 M - a +0 cloak (worn)
Jewellery
 d - an amulet of regeneration (around neck)
 p - the amulet of Zipsyav {Rampage +Blink +Inv Will- Regen+}
   (You found it on level 2 of the Dungeon)

   [amulet of regeneration]

   +Inv:      It lets you turn invisible.
   +Blink:    It lets you blink.
   Regen:     It increases your rate of health regeneration.
   Rampage:   It bestows one free step when moving towards enemies.
   Will:      It decreases your willpower.
 A - a ring of resist corrosion (left hand)
Wands
 k - a wand of charming (11)
 q - a wand of flame (32)
 J - a wand of digging (2)
Scrolls
 f - a scroll of fog
 h - a scroll of noise
 n - a scroll of amnesia
 u - a scroll of enchant armour {unknown}
 v - 2 scrolls of summoning
 x - a scroll of teleportation {unknown}
 z - a scroll of torment {unknown}
 B - a scroll of magic mapping {unknown}
 E - a scroll of brand weapon {unknown}
 F - a scroll of acquirement {unknown}
Potions
 c - a potion of curing
 r - a potion of flight {unknown}
 t - 2 potions of haste {unknown}
 I - a potion of resistance {unknown}
 K - 2 potions of might
 L - a potion of degeneration {unknown}


   Skills:
 + Level 7.6 Fighting
 + Level 3.6 Short Blades
 + Level 3.6 Long Blades
 + Level 7.6 Axes
 + Level 3.6 Maces & Flails
 + Level 3.6 Polearms
 + Level 3.6 Staves
 + Level 3.6 Slings
 + Level 3.6 Bows
 + Level 3.6 Crossbows
 + Level 3.6 Throwing
 + Level 5.9 Armour
 + Level 4.5 Dodging
 + Level 3.6 Stealth
 + Level 3.6 Shields
 + Level 3.6 Unarmed Combat
 + Level 3.6 Spellcasting
 + Level 3.0 Conjurations
 + Level 3.0 Hexes
 + Level 3.0 Summonings
 + Level 3.0 Necromancy
 + Level 3.0 Translocations
 + Level 3.0 Transmutations
 + Level 3.0 Fire Magic
 + Level 3.0 Ice Magic
 + Level 3.0 Air Magic
 + Level 3.0 Earth Magic
 + Level 3.0 Poison Magic
 + Level 4.0 Invocations
 + Level 3.6 Evocations


You had 14 spell levels left.
You didn't know any spells.
Your spell library was empty.

Dungeon Overview and Level Annotations

Branches:
Dungeon (7/15)             Temple (0/1) D:4

Altars:
Fedhas
Kikubaaqudgha
Makhleb
Nemelex Xobeh
Qazlal
Vehumet

Shops:
D:2 [


Innate Abilities, Weirdness & Mutations

You have very sharp teeth.
Your uncanny sense of smell can sniff out nearby items.
Your experience applies equally to all skills.


Message History

You barely miss the hornet zombie.
You bite the hornet zombie, but do no damage.
The hornet zombie is lightly damaged.
The orc completely misses you.
The hornet zombie hits you but does no damage.
The orc closely misses you.
You closely miss the hornet zombie.
The hornet zombie is lightly damaged. "See what I see, my child!"
You detect creatures!
You are now a special plaything of Xom.
The hornet zombie hits you! The orc closely misses you.
The hornet zombie hits you.
* * * LOW HITPOINT WARNING * * *
You hit the hornet zombie.
The hornet zombie resists with some effort.
The hornet zombie is lightly damaged.
The hornet zombie hits you!!
* * * LOW HITPOINT WARNING * * *
The orc closely misses you.
Unknown command.
Unknown command.
As you read the scroll labelled YTIETU GEAQUNO, it crumbles to dust.
You assume a fearsome visage.
The hornet zombie is unaffected.
The orc looks frightened!
It was a scroll of fear.
The hornet zombie misses you. The hornet zombie barely misses you.
You feel better.
The hornet zombie hits you but does no damage.
You feel better. The hornet zombie hits you.
* * * LOW HITPOINT WARNING * * *
It was a potion of magic.
Magic courses through your body.
Xom thinks this is hilarious!
The hornet zombie hits you but does no damage.
The hornet zombie hits you!
* * * LOW HITPOINT WARNING * * *
You sock the hornet zombie! You burn the hornet zombie.
You bite the hornet zombie.
The hornet zombie is heavily damaged.
The hornet zombie hits you!
You die...

#..........##.#.#........
#........#....#.#........
..#...........#.#........
.....................PP_.P
......#...........#.......
#..
...#..........(##...... .
.. #...........+ ......
#... .........)...##......
.... ..##.....@...........
#... ..######Z##..........
... ....................
...# #####.......$.......
.... ...................
###. ....................
...o......#...###...
..............# ..
................. .


You could see an orc (fleeing) and a hornet zombie (strong, agile).

Vanquished Creatures
  Grinder (D:3)
  A black bear (D:5)
  2 necrophages (D:7)
  A centaur (D:7)
  A phantom (D:5)
  A bullfrog (D:6)
  A howler monkey (D:5)
  A jelly (D:5)
  An orc priest (D:6)
  2 bullfrog skeletons
  2 iguanas (D:6)
  5 orc wizards
  A killer bee zombie (D:4)
  Robin (D:3)
  8 adders
  A shadow imp (D:7)
  2 ufetubi
  A worm (D:4)
  2 dart slugs
  17 orcs
  8 endoplasms
  2 giant cockroaches
  16 goblins
  4 hobgoblins
  7 kobolds
  5 quokkas
  5 ball pythons
  4 bats
  4 frilled lizards
  6 rats
113 creatures vanquished.

Vanquished Creatures (collateral kills)
  An ice beast (D:4)
  A sky beast (D:5)
  A scorpion (D:5)
  A centaur skeleton (D:4)
  A hound (D:4)
  A hound skeleton (D:5)
  A worm (D:5)
7 creatures vanquished.

Grand Total: 120 creatures vanquished

Notes
Turn   | Place    | Note
-------+----------+-------------------------------------------
     0 | D:1      | DearestLeader the Gnoll Chaos Knight began the quest for
                  | the Orb.
     0 | D:1      | Reached XP level 1. HP: 23/23 MP: 1/1
   198 | D:1      | Reached XP level 2. HP: 28/29 MP: 2/2
   394 | D:1      | Reached XP level 3. HP: 35/35 MP: 3/3
   698 | D:1      | XOM: silly message
   914 | D:2      | Reached skill level 1 in Invocations
   941 | D:2      | Reached skill level 1 in Short Blades
   941 | D:2      | Reached skill level 1 in Long Blades
   941 | D:2      | Reached skill level 1 in Maces & Flails
   941 | D:2      | Reached skill level 1 in Polearms
   941 | D:2      | Reached skill level 1 in Staves
   941 | D:2      | Reached skill level 1 in Slings
   941 | D:2      | Reached skill level 1 in Bows
   941 | D:2      | Reached skill level 1 in Crossbows
   941 | D:2      | Reached skill level 1 in Throwing
   941 | D:2      | Reached skill level 1 in Stealth
   941 | D:2      | Reached skill level 1 in Shields
   941 | D:2      | Reached skill level 1 in Unarmed Combat
   941 | D:2      | Reached skill level 1 in Spellcasting
   941 | D:2      | Reached skill level 1 in Evocations
   990 | D:2      | Reached XP level 4. HP: 38/41 MP: 5/5
  1083 | D:2      | Found Uhith's Armour Emporium.
  1093 | D:2      | Identified the amulet of Zipsyav {Rampage +Blink +Inv Will-
                  | Regen+}
  1121 | D:2      | XOM: noise
  1156 | D:2      | Noticed a glowing shapeshifter
  1156 | D:2      | a worm changed into a glowing shapeshifter
  1156 | D:2      | Noticed an eye of devastation
  1156 | D:2      | a glowing shapeshifter changed into an eye of devastation
  1159 | D:2      | Noticed a glowing orange brain
  1159 | D:2      | an eye of devastation changed into a glowing orange brain
  1262 | D:3      | Found a stormy altar of Qazlal.
  1327 | D:3      | Noticed Grinder
  1342 | D:3      | Killed Grinder
  1343 | D:3      | Reached skill level 1 in Conjurations
  1343 | D:3      | Reached skill level 1 in Hexes
  1343 | D:3      | Reached skill level 1 in Summonings
  1343 | D:3      | Reached skill level 1 in Necromancy
  1343 | D:3      | Reached skill level 1 in Translocations
  1343 | D:3      | Reached skill level 1 in Transmutations
  1343 | D:3      | Reached skill level 1 in Fire Magic
  1343 | D:3      | Reached skill level 1 in Ice Magic
  1343 | D:3      | Reached skill level 1 in Air Magic
  1343 | D:3      | Reached skill level 1 in Earth Magic
  1343 | D:3      | Reached skill level 1 in Poison Magic
  1343 | D:3      | Reached XP level 5. HP: 27/47 MP: 5/7
  1343 | D:3      | Reached XP level 6. HP: 31/53 MP: 5/8
  1462 | D:3      | Noticed Robin
  1471 | D:3      | Killed Robin
  1472 | D:3      | Reached skill level 5 in Armour
  1693 | D:3      | Found a blossoming altar of Fedhas.
  1879 | D:3      | Found a burning altar of Makhleb.
  2206 | D:4      | Found a staircase to the Ecumenical Temple.
  2338 | D:4      | Noticed an ice beast
  2339 | D:4      | XOM: summons friendly crimson imp
  2373 | D:4      | XOM: blink monster(s)
  2383 | D:4      | XOM: summons friendly iron imp
  2386 | D:4      | Killed an ice beast
  2387 | D:4      | Reached XP level 7. HP: 49/59 MP: 10/10
  2492 | D:4      | XOM: chaos upgrade
  2553 | D:4      | Found a sparkling altar of Nemelex Xobeh.
  2553 | D:4      | Found an ancient bone altar of Kikubaaqudgha.
  2937 | D:5      | Entered Level 5 of the Dungeon
  2958 | D:5      | XOM: divination: magic mapping
  3015 | D:5      | XOM: 1-stop teleportation journey
  3036 | D:5      | XOM: confuse monster(s)
  3046 | D:5      | XOM: enchant monster (bad)
  3048 | D:5      | XOM: cast spell 'Olgreb's Toxic Radiance'
  3049 | D:5      | XOM: cast spell 'Summon Mana Viper'
  3063 | D:5      | Reached XP level 8. HP: 65/67 MP: 12/12
  3169 | D:5      | XOM: 1-stop teleportation journey
  3279 | D:5      | XOM: torment (35/67 hp)
  3569 | D:5      | XOM: summons 1 hostile shadow creature
  3854 | D:6      | XOM: 2-stop teleportation journey
  3975 | D:5      | XOM: smoke on damage
  4004 | D:6      | XOM: summons 1 hostile demon
  4908 | D:7      | XOM: enchant monster (good)
  4947 | D:7      | XOM: smoke on damage
  4948 | D:7      | Found a radiant altar of Vehumet.
  5057 | D:7      | XOM: divination: detect creatures
  5058 | D:7      | HP: 1/67 [hornet zombie (18)]
  5063 | D:7      | Slain by a hornet zombie

Illustrated notes

Levels and vault maps discovered:
D:1:      dpeg_arrival_ternary, layout_basic, minivault_23, minivault_5
D:2:      layout_basic, serial_shops, shop_fountains
D:3:      layout_loops_corners, grunt_qazlal_sundering, fedhas_altar_2,
          lightli_temple_of_fire, uniq_robin, uniq_grinder
D:4:      layout_basic, jmf_multi_god_temple, minmay_temple_entry_waves,
          minmay_large_rounded_square
D:5:      layout_basic
D:6:      layout_basic, kennysheep_generic_room_4
D:7:      layout_basic, mainiacjoe_overflow_tiny_flanked, serial_shops,
          nicolae_shop_waterfront, serial_bayou_crossing

Skill      XL: |  1  2  3  4  5  6  7  8 |
---------------+-------------------------+-----
Invocations    | 1 2 3 4 |  4.0
Short Blades   | 1 2 3 |  3.6
Long Blades    | 1 2 3 |  3.6
Maces & Flails | 1 2 3 |  3.6
Polearms       | 1 2 3 |  3.6
Staves         | 1 2 3 |  3.6
Slings         | 1 2 3 |  3.6
Bows           | 1 2 3 |  3.6
Crossbows      | 1 2 3 |  3.6
Throwing       | 1 2 3 |  3.6
Stealth        | 1 2 3 |  3.6
Shields        | 1 2 3 |  3.6
Unarmed Combat | 1 2 3 |  3.6
Spellcasting   | 1 2 3 |  3.6
Evocations     | 1 2 3 |  3.6
Dodging        | 3 4 |  4.5
Conjurations   | 1 2 3 |  3.0
Hexes          | 1 2 3 |  3.0
Summonings     | 1 2 3 |  3.0
Necromancy     | 1 2 3 |  3.0
Translocations | 1 2 3 |  3.0
Transmutations | 1 2 3 |  3.0
Fire Magic     | 1 2 3 |  3.0
Ice Magic      | 1 2 3 |  3.0
Air Magic      | 1 2 3 |  3.0
Earth Magic    | 1 2 3 |  3.0
Poison Magic   | 1 2 3 |  3.0
Armour         | 5 |  5.9
Fighting       | 7 |  7.6
Axes           | 7 |  7.6

Action                   |  1- 3 |  4- 6 |  7- 9 || total
-------------------------+-------+-------+-------++-------
Melee: Hand axe          |    67 |   111 |    20 ||   198
       Bite              |     4 |    10 |    31 ||    45
       Punch             |     1 |       |    13 ||    14
       Mace              |       |       |   208 ||   208
  Use: Potion            |       |     5 |     5 ||    10
       Scroll            |       |     2 |     3 ||     5
 Stab: Sleeping          |     1 |     2 |     5 ||     8
       Confused          |     1 |       |     1 ||     2
       Paralysed         |       |       |     3 ||     3
       Distracted        |       |       |     1 ||     1
Armor: Leather armour    |    22 |    35 |   106 ||   163
Dodge: Dodged            |    45 |    53 |   185 ||   283
